 Dungeon Crawl Stone Soup version 0.23.2-40-g277498a (webtiles) character file.

Game seed: 15201975239619672558

231 BoppinsLewinski the Slasher (level 6, 0/44 HPs)
             Began as a Merfolk Gladiator on Sept 13, 2019.
             Succumbed to a scorpion's poison
             ... on level 4 of the Dungeon.
             The game lasted 00:07:02 (4293 turns).

BoppinsLewinski the Slasher (Merfolk Gladiator)     Turns: 4293, Time: 00:07:02

Health: 0/44       AC: 12    Str: 16 (17) XL:     6   Next: 3%
Magic:  6/6        EV:  8    Int:  4 (7)  God:
Gold:   201        SH:  0    Dex: 13 (15) Spells: 5/5 levels left

rFire    . . .     SeeInvis .   a - +0 long sword
rCold    . . .     Gourm    .   (no shield)
rNeg     . . .     Faith    .   i - +0 chain mail
rPois    .         Spirit   .   c - +0 helmet
rElec    .         Reflect  .   o - +0 cloak
rCorr    .         Harm     .   h - +0 pair of gloves
MR       .....                  e - +0 pair of boots
Stlth    ..........             (no amulet)
HPRegen  0.14/turn              (no ring)
MPRegen  0.10/turn              (no ring)

@: lethally poisoned (0 -> -13), very slightly contaminated, hasted, invisible
(expiring), very quick
A: change form in water, swift swim, stealthy swim
a: no special abilities


You were on level 4 of the Dungeon.
You were hungry.

You visited 1 branch of the dungeon, and saw 5 of its levels.

You collected 201 gold pieces.

Inventory:

Hand Weapons
 a - a +0 long sword (weapon)
Missiles
 d - 3 throwing nets (quivered)
Armour
 c - a +0 helmet (worn)
 e - a +0 pair of boots (worn)
 h - a +0 pair of gloves (worn)
 i - a +0 chain mail (worn)
 o - a +0 cloak (worn)
Jewellery
 v - an uncursed ring of fire {unknown}
Wands
 n - a wand of iceblast (6)
Scrolls
 b - a scroll of noise {unknown}
 g - 4 scrolls of teleportation {unknown}
 j - a scroll of enchant armour {unknown}
 k - a scroll of enchant weapon {unknown}
 l - 2 scrolls of remove curse {unknown}
 m - 2 scrolls of fear {unknown}
 p - 2 scrolls of magic mapping {unknown}
 q - 2 scrolls of identify {unknown}
Comestibles
 f - 11 rations


   Skills:
 - Level 2.1 Fighting
 * Level 7.2 Long Blades
 - Level 2.0 Throwing
 - Level 4.0 Dodging


You had 5 spell levels left.
You didn't know any spells.
Your spell library was empty.

Dungeon Overview and Level Annotations

Branches:
Dungeon (5/15)
 Temple: D:4-7

Altars:
Makhleb
The Shining One

Annotations:
D:2 1 runed translucent door, Crazy Yiuf
D:5 Dowan, Duvessa


Message History

You flicker for a moment.
The scorpion stings you.
* * * LOW HITPOINT WARNING * * *
You are poisoned.
The scorpion poisons you!
It was a potion of degeneration.
There was something very wrong with that liquid.
You feel weakened.
You feel dopey.
You feel clumsy.
You feel sick.
You hit the scorpion but do no damage.
You feel sick. The scorpion stings you.
* * * LOW HITPOINT WARNING * * *
Unknown command.
You closely miss the scorpion. The scorpion stings you.
* * * LOW HITPOINT WARNING * * *
You are more poisoned.
The scorpion poisons you!
Unknown command.
Unknown command.
You hit the scorpion but do no damage.
You die...

##.## #...## ### #.##
#...# # ##.# #...# ###
###.## #...######..
##....### ###...........
#.###...####..........##.
### ##..............####.
#.................#.
##.s@.........###....
#..........##.######.
####.........###..# #.
####...........## ##.#
###. #.#####........#
##.###... #.#####.......##
##....).##
##..##.........###......##
###...#.....#..........#
##.###............##.##


You could see a scorpion.

Vanquished Creatures
  A phantom (D:4)
  Terence (D:2)
  3 adders
  An ooze (D:4)
  2 adder skeletons (D:4)
  4 worms
  A leopard gecko (D:2)
  2 orcs
  A ball python (D:3)
  7 giant cockroaches
  8 goblins
  4 hobgoblins
  4 jackals (D:3)
  10 kobolds
  A quokka (D:3)
  5 bats
  10 frilled lizards
  2 rats
67 creatures vanquished.

Notes
Turn   | Place    | Note
-------+----------+-------------------------------------------
     0 | D:1      | BoppinsLewinski the Merfolk Gladiator began the quest for
                  | the Orb.
     0 | D:1      | Reached XP level 1. HP: 16/16 MP: 1/1
   197 | D:1      | Reached XP level 2. HP: 19/22 MP: 2/2
   216 | D:1      | Reached skill level 4 in Long Blades
  1235 | D:2      | Reached XP level 3. HP: 26/27 MP: 3/3
  1322 | D:2      | Found a runed translucent door.
  1323 | D:2      | Noticed Crazy Yiuf
  1387 | D:2      | Noticed Terence
  1406 | D:2      | Killed Terence
  1406 | D:2      | Reached skill level 5 in Long Blades
  1638 | D:3      | Reached XP level 4. HP: 33/33 MP: 4/4
  2042 | D:3      | Found a faded altar of an unknown god.
  2579 | D:3      | Found a burning altar of Makhleb.
  3091 | D:4      | Reached skill level 6 in Long Blades
  3120 | D:4      | Found a glowing golden altar of the Shining One.
  3163 | D:4      | Reached XP level 5. HP: 38/38 MP: 5/5
  3373 | D:4      | Noticed a phantom
  3402 | D:4      | Killed a phantom
  3402 | D:4      | Reached skill level 7 in Long Blades
  3677 | D:4      | Reached XP level 6. HP: 44/44 MP: 6/6
  4257 | D:5      | Entered Level 5 of the Dungeon
  4257 | D:5      | Noticed Duvessa
  4257 | D:5      | Noticed Dowan
  4292 | D:4      | HP: 1/44 [scorpion (2)]
  4293 | D:4      | Succumbed to a scorpion's poison

Skill      XL: |  1  2  3  4  5 |
---------------+----------------+-----
Long Blades    | 4 5 6 7 |  7.2
Fighting       | |  2.1
Throwing       | |  2.0
Dodging        | |  4.0

Action                   |  1- 3 |  4- 6 || total
-------------------------+-------+-------++-------
Melee: Long sword        |    89 |   170 ||   259
  Use: Potion            |     1 |     7 ||     8
 Stab: Invisible         |       |     5 ||     5
  Eat: Chunk             |     2 |     8 ||    10
Armor: Leather armour    |     6 |       ||     6
       Chain mail        |    48 |    95 ||   143
Dodge: Dodged            |    59 |    79 ||   138
       Rpst.: Long sword |    25 |    19 ||    44
